 Dungeon Crawl Stone Soup version 0.30.0-29-ga12c61a403 (webtiles) character file.

Game seed: 10511449617596580888

6714 AlmostDecent the Frost Mage (level 11, -6/81 HPs)
             Began as a Gnoll Ice Elementalist on June 8, 2023.
             Was a Believer of Vehumet.
             Mangled by an orc warlord
             ... wielding a +5 battleaxe
              (21 damage)
             ... in a bailey.
             The game lasted 00:41:03 (10255 turns).

AlmostDecent the Frost Mage (GnIE)                 Turns: 10255, Time: 00:41:03

Health: -6/81      AC: 12    Str:  9    XL:     11   Next: 3%
Magic:  6/23       EV: 15    Int: 22    God:    Vehumet [**....]
Gold:   452        SH:  0    Dex: 14    Spells: 11/26 levels left

rFire   + . .        p - +5 dagger "Hoograx" {freeze, rF+ Str-4 Int+3 Dex+2}
rCold   . . .        (no shield)
rNeg    + . .        f - +1 robe "Mytotagh" {rN+ Str+5 Stlth+}
rPois   +            (no helmet)
rElec   .            (no cloak)
rCorr   .            (no gloves)
SInv    .            (no boots)
Will    .....        (no amulet)
Stlth   +++++        u - ring of poison resistance
HPRegen 0.33/turn    (no ring)
MPRegen 0.18/turn

%: no passive effects
@: ice-armoured, freezing walls
A: fangs 1, strong nose, distributed training
a: Renounce Religion


You were in a bailey.
You worshipped Vehumet.
Vehumet was pleased with you.
You visited 2 branches of the dungeon, and saw 10 of its levels.
You also visited: Bailey.

You collected 452 gold pieces.

Inventory:

Hand Weapons
 c - a +4 spear of flaming
 p - the +5 dagger "Hoograx" (weapon) {freeze, rF+ Str-4 Int+3 Dex+2}
   (You found it on level 4 of the Dungeon)

   Str:       It affects your strength (-4).
   Int:       It affects your intelligence (+3).
   Dex:       It affects your dexterity (+2).
   rF:        It protects you from fire.
 y - the +16 obsidian axe {drain, demonic, Mesm Drain Fly SInv}
   (You found it on level 9 of the Dungeon)

   Mesm:      Its wielder is mesmerised by any visible foes, and it cannot be
   unequipped while any foes are visible.
   SInv:      It lets you see invisible.
   Fly:       It grants you flight.
   Drain:     It drains your maximum health when unequipped.
Missiles
 j - 3 throwing nets
Armour
 f - the +1 robe "Mytotagh" (worn) {rN+ Str+5 Stlth+}
   (You took it off a centaur on level 6 of the Dungeon)

   Str:       It affects your strength (+5).
   rN:        It protects you from negative energy.
   Stlth:     It makes you more stealthy.
 g - a +0 leather armour of fire resistance
 k - the +5 plate armour "Hitzuc" {Str+3}
   (You found it on level 2 of the Dungeon)

   Str:       It affects your strength (+3).
 w - a +0 troll leather armour
Magical Staves
 n - a staff of conjuration
 z - the staff of conjuration "Zifutt" {*Corrode rElec rN+}
   (You found it on level 8 of the Dungeon)

   [staff of conjuration]

   Base accuracy: +5 Base damage: 5 Base attack delay: 1.2 This weapon's minimum
   attack delay (0.6) is reached at skill level 12.
   rElec:     It insulates you from electricity.
   rN:        It protects you from negative energy.
   *Corrode:  It may corrode you when you take damage.
   It falls into the 'Staves' category.
   It is a one-handed weapon.
Jewellery
 u - a ring of poison resistance (left hand)
Wands
 h - a wand of flame (24)
Scrolls
 e - a scroll of enchant weapon
 l - a scroll of amnesia
 m - 2 scrolls of fog
 o - 2 scrolls of teleportation
 t - a scroll of blinking
Potions
 a - 2 potions of berserk rage {unknown}
 b - a potion of magic
 d - a potion of curing
 i - 3 potions of flight
 q - 3 potions of attraction
 r - 3 potions of might
 s - 3 potions of heal wounds
 v - 3 potions of haste
 x - 2 potions of brilliance
 A - a potion of mutation {unknown}
 C - a potion of invisibility


   Skills:
 + Level 6.1 Fighting
 + Level 6.1 Short Blades
 + Level 6.1 Long Blades
 + Level 6.1 Axes
 + Level 6.1 Maces & Flails
 + Level 6.1 Polearms
 + Level 6.1 Staves
 + Level 6.1 Ranged Weapons
 + Level 6.1 Throwing
 + Level 6.1 Armour
 + Level 7.7 Dodging
 + Level 7.4 Stealth
 + Level 6.1 Shields
 + Level 6.1 Unarmed Combat
 + Level 8.0 Spellcasting
 + Level 5.0 Conjurations
 + Level 5.0 Hexes
 + Level 5.0 Summonings
 + Level 5.0 Necromancy
 + Level 5.0 Translocations
 + Level 5.0 Transmutations
 + Level 5.0 Fire Magic
 + Level 8.8 Ice Magic
 + Level 5.0 Air Magic
 + Level 5.0 Earth Magic
 + Level 5.0 Poison Magic
 + Level 6.7 Invocations
 + Level 6.1 Evocations


You had 11 spell levels left.
You knew the following spells:

 Your Spells              Type           Power      Damage    Failure   Level
a - Freeze                Ice            100%       1d10      1%          1
b - Frozen Ramparts       Ice            94%        1d15      1%          3
c - Ozocubu's Armour      Ice            47%        N/A       1%          3
d - Summon Ice Beast      Ice/Summ       39%        N/A       4%          4
e - Sandblast             Erth           62%        2d14      1%          1
f - Swiftness             Air            31%        N/A       2%          3

Your spell library contained the following spells:

 Spells                   Type           Power      Damage    Failure   Level
 Mephitic Cloud           Conj/Pois/Air  31%        N/A       2%          3
 Apportation              Tloc           62%        N/A       1%          1
 Kiss of Death            Conj/Necr      100%       2d13      1%          1
 Necrotise                Necr           100%       1d9       1%          1
 Slow                     Hex            100%       N/A       1%          1
 Summon Small Mammal      Summ           100%       N/A       1%          1
 Cigotuvi's Dreadful Rot  Necr/Pois/Air  62%        N/A       1%          2
 Ensorcelled Hibernation  Hex/Ice        78%        N/A       1%          2
 Passwall                 Tmut/Erth      25%        N/A       1%          2
 Sublimation of Blood     Necr           31%        N/A       1%          2
 Wereblood                Tmut           31%        N/A       1%          2
 Confusing Touch          Hex            31%        N/A       2%          3
 Vampiric Draining        Necr           31%        2d8       2%          3
 Dispel Undead            Necr           31%        3d14      10%         4
 Death Channel            Necr           15%        N/A       82%         6
 Summon Hydra             Summ           15%        N/A       100%        7


Dungeon Overview and Level Annotations

Branches:
Dungeon (9/15)             Temple (1/1) D:7            Lair (0/5) D:8
 Bailey (1/1)
    Orc: D:9-12

Altars:
Ashenzari
Dithmenos
Elyvilon
Gozag
Hepliaklqana
Makhleb
Nemelex Xobeh
Okawaru
Qazlal
Ru
Trog
Uskayaw
Vehumet
Xom
Yredelemnul
Zin

Shops:
D:5 =   D:8 *

Annotations:
D:4 2 runed translucent doors, spinjackson's ghost, weakling MfTm


Innate Abilities, Weirdness & Mutations

You have very sharp teeth.
Your uncanny sense of smell can sniff out nearby items.
Your experience applies equally to all skills.


Message History

The wall freezes the orc warlord but does no damage.
The orc warlord misses you.
The orc warlord hits your ice beast with a +5 battleaxe.
The orc warrior barely misses you.
The orc warrior barely misses your ice beast.
You barely miss the orc warlord.
The orc warlord is heavily wounded.
You hit the orc warlord but do no damage.
The orc warlord is heavily wounded.
Your ice beast hits the orc warlord.
Your ice beast freezes the orc warlord!
The wall freezes the orc warlord.
The orc warlord barely misses you.
The orc warlord closely misses your ice beast.
The orc warrior closely misses you.
The orc warrior closely misses your ice beast.
You hit the orc warlord. You freeze the orc warlord.
The orc warlord is severely wounded.
Your ice beast hits the orc warlord.
Your ice beast freezes the orc warlord!
The wall freezes the orc warlord.
The orc warlord barely misses you.
The orc warlord hits your ice beast with a +5 battleaxe!
Your ice beast dies!
Your ice beast disappears in a puff of smoke!
The orc warrior misses you.
You hit the orc warlord. You freeze the orc warlord.
Your bite misses the orc warlord.
The orc warlord is almost dead.
You hit the orc warlord but do no damage.
You bite the orc warlord, but do no damage.
The orc warlord is almost dead.
The orc warrior hits you but does no damage.
An orc warrior comes into view. It is wielding a +0 war axe.
The wall freezes the orc warlord but does no damage.
The orc warlord roars a battlecry!
The orc warrior goes into a battle-frenzy!
You hit the orc warlord. You freeze the orc warlord.
The orc warlord is almost dead.
The orc warrior hits you with a +0 broad axe!
* * * LOW HITPOINT WARNING * * *
The wall freezes the orc warlord but does no damage.
The orc warlord hits you with a +5 battleaxe!!
You die...

#..........)#.......
#.........))).......
#.....⌠...))#.....⌠.
#...........#.......
#...........#.......
###.).......###....).
###.#)#.....###
###....
###...))###.### ###.#
##......)@.###.. ∆###
#........oo8##.. ∆∆#.
#..........8#..g ∆∆#.
#∩....⌠...)o').. ∆∆#)
#..........8#g.. ∆∆#.
#..........8##....
∆∆#. ##.........##
.... ∆### ###.....###
#.. ###.# ###.#'# ##
###....


You could see an orc warlord, 2 orc warriors and a hobgoblin.

Vanquished Creatures
  2 two-headed ogres
  A troll (D:8)
  A wyvern (D:7)
  4 water moccasins
  10 orc warriors
  An ice beast (D:6)
  A sky beast (D:6)
  A black bear (D:6)
  An ogre (D:6)
  A centaur (D:6)
  7 kobold brigands
  Blork the orc (D:4)
  A scorpion (D:7)
  2 gnoll sergeants
  2 bullfrogs (D:8)
  3 wights (D:9)
  16 killer bees
  2 hounds (D:5)
  3 jellies
  7 orc priests
  4 iguanas
  A sleepcap (D:4)
  10 orc wizards
  20 gnolls
  8 adders
  3 white imps
  2 ufetubi
  2 worms
  A dart slug (D:1)
  44 orcs
  9 ball pythons
  7 endoplasms
  4 giant cockroaches
  12 goblins
  5 hobgoblins
  4 jackals (D:5)
  3 quokkas
  5 bats
  2 frilled lizards (D:1)
  43 kobolds
  3 rats (D:2)
259 creatures vanquished.

Vanquished Creatures (collateral kills)
  4 orc warriors
  A wight (D:8)
  2 gnolls (Bailey)
  An orc (Bailey)
  5 goblins (Bailey)
  3 hobgoblins (Bailey)
16 creatures vanquished.

Vanquished Creatures (others)
  5 dream sheep (D:3)
  A sky beast (D:6)
  An orc wizard (D:9)
7 creatures vanquished.

Grand Total: 282 creatures vanquished

Notes
Turn   | Place    | Note
-------+----------+-------------------------------------------
     0 | D:1      | AlmostDecent the Gnoll Ice Elementalist began the quest for
                  | the Orb.
     0 | D:1      | Reached XP level 1. HP: 13/13 MP: 6/6
   370 | D:1      | Reached XP level 2. HP: 15/19 MP: 5/7
  1083 | D:2      | Reached skill level 5 in Spellcasting
  1083 | D:2      | Reached XP level 3. HP: 25/25 MP: 6/9
  1378 | D:2      | Found a faded altar of an unknown god.
  1490 | D:2      | Reached skill level 1 in Invocations
  1520 | D:2      | Learned a level 3 spell: Frozen Ramparts
  1524 | D:2      | Learned a level 3 spell: Ozocubu's Armour
  1595 | D:2      | Reached skill level 1 in Fighting
  1595 | D:2      | Reached skill level 1 in Short Blades
  1595 | D:2      | Reached skill level 1 in Long Blades
  1595 | D:2      | Reached skill level 1 in Axes
  1595 | D:2      | Reached skill level 1 in Maces & Flails
  1595 | D:2      | Reached skill level 1 in Polearms
  1595 | D:2      | Reached skill level 1 in Staves
  1595 | D:2      | Reached skill level 1 in Ranged Weapons
  1595 | D:2      | Reached skill level 1 in Throwing
  1595 | D:2      | Reached skill level 1 in Armour
  1595 | D:2      | Reached skill level 1 in Shields
  1595 | D:2      | Reached skill level 1 in Unarmed Combat
  1595 | D:2      | Reached skill level 1 in Evocations
  1669 | D:2      | Reached XP level 4. HP: 32/32 MP: 6/11
  1952 | D:2      | Reached skill level 1 in Conjurations
  1952 | D:2      | Reached skill level 1 in Hexes
  1952 | D:2      | Reached skill level 1 in Summonings
  1952 | D:2      | Reached skill level 1 in Necromancy
  1952 | D:2      | Reached skill level 1 in Translocations
  1952 | D:2      | Reached skill level 1 in Transmutations
  1952 | D:2      | Reached skill level 1 in Fire Magic
  1952 | D:2      | Reached skill level 1 in Air Magic
  1952 | D:2      | Reached skill level 1 in Earth Magic
  1952 | D:2      | Reached skill level 1 in Poison Magic
  1958 | D:2      | Reached XP level 5. HP: 37/37 MP: 1/12
  2204 | D:2      | Identified the +5 plate armour "Hitzuc" {Str+3}
  3193 | D:3      | Noticed a dream sheep
  3193 | D:3      | Noticed a dream sheep
  3193 | D:3      | Noticed a dream sheep
  3193 | D:3      | Noticed a dream sheep
  3193 | D:3      | Noticed a dream sheep
  3193 | D:3      | Found a shimmering altar of Xom.
  3197 | D:3      | Killed a dream sheep
  3197 | D:3      | Killed a dream sheep
  3197 | D:3      | Killed a dream sheep
  3197 | D:3      | Killed a dream sheep
  3197 | D:3      | Killed a dream sheep
  3441 | D:4      | Found a large runed translucent door.
  3442 | D:4      | Found a large runed translucent door.
  3457 | D:4      | Noticed spinjackson's ghost (weakling MfTm)
  3633 | D:4      | Identified the +5 dagger "Hoograx" {freeze, rF+ Str-4 Int+3
                  | Dex+2}
  3839 | D:4      | Reached XP level 6. HP: 44/44 MP: 9/14
  3887 | D:4      | Reached skill level 5 in Dodging
  4083 | D:4      | Noticed Blork the orc
  4086 | D:4      | Killed Blork the orc
  4536 | D:5      | Entered Level 5 of the Dungeon
  4613 | D:5      | Found Qiesargh's Jewellery Shop.
  4654 | D:5      | Reached XP level 7. HP: 50/50 MP: 8/15
  4666 | D:5      | Reached skill level 5 in Stealth
  5482 | D:5      | Reached XP level 8. HP: 39/58 MP: 10/16
  6230 | D:6      | Identified the +1 robe "Mytotagh" {rN+ Str+5 Stlth+}
  6253 | D:6      | Reached XP level 9. HP: 33/65 MP: 4/18
  7726 | D:7      | Reached skill level 5 in Invocations
  7861 | D:7      | Found a staircase to the Ecumenical Temple.
  7870 | Temple   | Entered the Ecumenical Temple
  7909 | Temple   | Became a worshipper of Vehumet
  8246 | D:8      | Noticed a troll
  8324 | D:8      | Reached skill level 5 in Fighting
  8324 | D:8      | Reached skill level 5 in Short Blades
  8324 | D:8      | Reached skill level 5 in Long Blades
  8324 | D:8      | Reached skill level 5 in Axes
  8324 | D:8      | Reached skill level 5 in Maces & Flails
  8324 | D:8      | Reached skill level 5 in Polearms
  8324 | D:8      | Reached skill level 5 in Staves
  8324 | D:8      | Reached skill level 5 in Ranged Weapons
  8324 | D:8      | Reached skill level 5 in Throwing
  8324 | D:8      | Reached skill level 5 in Armour
  8324 | D:8      | Reached skill level 5 in Shields
  8324 | D:8      | Reached skill level 5 in Unarmed Combat
  8324 | D:8      | Reached skill level 5 in Evocations
  8324 | D:8      | Reached XP level 10. HP: 53/74 MP: 13/20
  8522 | D:8      | Reached * piety under Vehumet
  8522 | D:8      | Offered knowledge of Sandblast by Vehumet.
  8532 | D:8      | Learned a level 4 spell: Summon Ice Beast
  8534 | D:8      | Learned a level 1 spell: Sandblast
  8538 | D:8      | Learned a level 3 spell: Swiftness
  8837 | D:8      | Noticed a two-headed ogre
  8843 | D:8      | Killed a two-headed ogre
  8994 | D:8      | Found an opulent altar of Gozag.
  8994 | D:8      | Found a hazy altar of Hepliaklqana.
  8994 | D:8      | Found a burning altar of Makhleb.
  8995 | D:8      | Found a sparkling altar of Nemelex Xobeh.
  8995 | D:8      | Found a shadowy altar of Dithmenos.
  8996 | D:8      | Found a bloodstained altar of Trog.
  8997 | D:8      | Found a sacrificial altar of Ru.
  8997 | D:8      | Found an iron altar of Okawaru.
  9008 | D:8      | Found a broken altar of Ashenzari.
  9010 | D:8      | Found a glowing silver altar of Zin.
  9010 | D:8      | Found a hide-covered altar of Uskayaw.
  9042 | D:8      | Identified the staff of conjuration "Zifutt" {*Corrode
                  | rElec rN+}
  9049 | D:8      | Found a staircase to the Lair.
  9087 | D:8      | Found Melios's Assorted Antiques.
  9479 | D:9      | Noticed a two-headed ogre
  9491 | D:9      | Killed a two-headed ogre
  9646 | D:9      | Found a flagged portal.
  9647 | D:9      | Found the +16 obsidian axe {drain, demonic, Mesm Drain Fly
                  | SInv}
  9658 | Bailey   | Entered a bailey
  9718 | Bailey   | Offered knowledge of Static Discharge by Vehumet.
  9721 | Bailey   | Reached ** piety under Vehumet
 10069 | Bailey   | Reached skill level 5 in Conjurations
 10069 | Bailey   | Reached skill level 5 in Hexes
 10069 | Bailey   | Reached skill level 5 in Summonings
 10069 | Bailey   | Reached skill level 5 in Necromancy
 10069 | Bailey   | Reached skill level 5 in Translocations
 10069 | Bailey   | Reached skill level 5 in Transmutations
 10069 | Bailey   | Reached skill level 5 in Fire Magic
 10069 | Bailey   | Reached skill level 5 in Air Magic
 10069 | Bailey   | Reached skill level 5 in Earth Magic
 10069 | Bailey   | Reached skill level 5 in Poison Magic
 10074 | Bailey   | Offered knowledge of Mephitic Cloud by Vehumet.
 10075 | Bailey   | Reached XP level 11. HP: 75/81 MP: 11/22
 10228 | Bailey   | Noticed an orc warlord
 10237 | Bailey   | Identified the ring of Ridablir {+Blink Str+6 Int+2 Dex+7
                  | Slay-3}
 10255 | Bailey   | Mangled by an orc warlord

Illustrated notes

Levels and vault maps discovered:
D:1:      nzn_arrival_settlement, layout_basic, kennysheep_another_room
D:2:      minmay_skewed_foursquare, layout_loops_corners,
          shapermc_ecumenical_altar_hornbeckon, minmay_between
D:3:      layout_basic, kb_xom_exploding_sheep
D:4:      layout_loops_ring, ebering_ghost_disaster_area, patterned_corridor,
          uniq_blork_the_orc
D:5:      layout_loops_ring, serial_shops, shop, minmay_misc_feat_alley,
          grunt_ministairs_14, minmay_splitting_lines
D:6:      layout_basic, serial_bayou_crossing
D:7:      layout_cave_pools, temple_hall
D:8:      layout_loops_ring, nicolae_overflows_in_rows, lair_entry_dummy,
          nicolae_take_the_stairs, grunt_ministairs_8
D:9:      layout_gridville, serial_shops, nicolae_diamond_shop, enter_bailey_2,
          nicolae_wwwww, uniq_harold
Temple:   jpeg_temple_alley_garden
Bailey:   bailey_axe_minmay_hex_keep, bailey

Skill      XL: |  1  2  3  4  5  6  7  8  9 10 11 |
---------------+----------------------------------+-----
Spellcasting   | 5 6 7 8 |  8.0
Invocations    | 1 2 3 4 5 6 |  6.7
Fighting       | 1 2 3 4 5 6 |  6.1
Short Blades   | 1 2 3 4 5 6 |  6.1
Long Blades    | 1 2 3 4 5 6 |  6.1
Axes           | 1 2 3 4 5 6 |  6.1
Maces & Flails | 1 2 3 4 5 6 |  6.1
Polearms       | 1 2 3 4 5 6 |  6.1
Staves         | 1 2 3 4 5 6 |  6.1
Ranged Weapons | 1 2 3 4 5 6 |  6.1
Throwing       | 1 2 3 4 5 6 |  6.1
Armour         | 1 2 3 4 5 6 |  6.1
Shields        | 1 2 3 4 5 6 |  6.1
Unarmed Combat | 1 2 3 4 5 6 |  6.1
Evocations     | 1 2 3 4 5 6 |  6.1
Conjurations   | 1 2 3 4 5 |  5.0
Hexes          | 1 2 3 4 5 |  5.0
Summonings     | 1 2 3 4 5 |  5.0
Necromancy     | 1 2 3 4 5 |  5.0
Translocations | 1 2 3 4 5 |  5.0
Transmutations | 1 2 3 4 5 |  5.0
Fire Magic     | 1 2 3 4 5 |  5.0
Air Magic      | 1 2 3 4 5 |  5.0
Earth Magic    | 1 2 3 4 5 |  5.0
Poison Magic   | 1 2 3 4 5 |  5.0
Dodging        | 5 6 7 |  7.7
Stealth        | 5 6 7 |  7.4
Ice Magic      | 8 |  8.8

Action                     |  1- 3 |  4- 6 |  7- 9 | 10-12 || total
---------------------------+-------+-------+-------+-------++-------
  Melee: Unarmed           |     1 |       |       |       ||     1
         Short sword       |     3 |     2 |       |       ||     5
         Bite              |     1 |     2 |     4 |    13 ||    20
         Staff             |       |     2 |       |       ||     2
         Dagger            |       |     4 |    75 |    91 ||   170
         Punch             |       |       |     1 |     6 ||     7
   Cast: Freeze            |    54 |    52 |    79 |     4 ||   189
         Frozen Ramparts   |       |    13 |    27 |    26 ||    66
         Ozocubu's Armour  |       |     3 |     9 |    11 ||    23
         Sandblast         |       |       |       |    15 ||    15
         Summon Ice Beast  |       |       |       |    15 ||    15
    Use: Scroll            |       |    11 |     7 |     4 ||    22
         Potion            |       |       |     5 |       ||     5
   Stab: Invisible         |       |       |     2 |       ||     2
         Distracted        |       |       |       |     1 ||     1
 Armour: Robe              |     5 |    13 |    34 |    14 ||    66
         Skin              |       |       |    14 |       ||    14
  Dodge: Dodged            |    30 |    22 |   159 |    57 ||   268
